 Seeded DCSS version 0.29-a0-472-ge5599a681e (webtiles) character file.

Game seed: 18057835992172969234 (custom seed)

8190 zeratav the Frost Mage (level 11, -2/75 HPs)
             Began as an Octopode Ice Elementalist on May 21, 2022.
             Was an Initiate of Gozag.
             Slain by a two-headed ogre
             ... wielding a +0 giant spiked club
              (9 damage)
             ... on level 10 of the Dungeon on May 22, 2022.
             The game lasted 00:50:16 (14520 turns).

zeratav the Frost Mage (Octopode Ice Elementalist) Turns: 14520, Time: 00:50:16

Health: -2/75      AC:  1    Str:  9    XL:     11   Next: 27%
Magic:  18/39      EV: 17    Int: 25    God:    Gozag
Gold:   465        SH:  5    Dex: 16    Spells: 11/24 levels left

rFire   + . .      SeeInvis .   N - +4 scimitar (flame) {long}
rCold   + . .      Faith    .   (no shield)
rNeg    . . .      Spirit   .   (helmet restricted)
rPois   +          Reflect  +   t - amulet "Ises" {Reflect rC+ SH+5}
rElec   .          Harm     .   c - +4 ring of slaying
rCorr   .          Rampage  .   w - ring of magical power
Will    +....                   K - ring of protection from fire
Stlth   +++.......              L - ring of magical power
HPRegen 0.22/turn               M - +6 ring of intelligence
MPRegen 0.26/turn               H - ring "Okaph" {Will+ EV+4 Int-2 Dex+4}
                                Q - ring of wizardry
                                P - ring of poison resistance

@: no status effects
A: almost no armour, amphibious, 8 rings, camouflage 1, gelatinous body 1,
(nimble swimmer 1), tentacles
a: Renounce Religion, Potion Petition, Call Merchant, Bribe Branch


You were on level 10 of the Dungeon.
You worshipped Gozag.
Gozag was aware of your devotion.
You visited 1 branch of the dungeon, and saw 10 of its levels.
You also visited: Sewer.

You collected 1996 gold pieces.
You spent 1032 gold pieces at shops.
You paid 499 gold pieces to Gozag.


Innate Abilities, Weirdness & Mutations

You cannot wear most types of armour.
You are amphibious.
You can wear up to eight rings at the same time.
Your skin changes colour to match your surroundings (Stealth+).
Your rubbery body absorbs attacks. (AC +1, EV +1)
((You are camouflaged when in or above water. (Stealth+)))
You have tentacles for arms and can constrict up to eight enemies at once.


   Skills:
 + Level 7.4 Fighting
 - Level 2.0 Dodging
 - Level 2.6 Stealth
 - Level 7.0 Spellcasting
 - Level 5.0 Transmutations
 + Level 10.7 Ice Magic
 - Level 5.0 Air Magic
 - Level 7.0 Poison Magic


You had 11 spell levels left.
You knew the following spells:

 Your Spells              Type           Power      Damage    Failure   Level
a - Freeze                Ice            100%       1d11      1%          1
b - Ozocubu's Armour      Ice            58%        N/A       1%          3
c - Frozen Ramparts       Ice            100%       1d12      1%          3
d - Mephitic Cloud        Conj/Pois/Air  28%        N/A       1%          3
e - Ignite Poison         Fire/Tmut/Pois 28%        N/A       1%          3

Your spell library contained the following spells:

 Spells                   Type           Power      Damage    Failure   Level
 Static Discharge         Conj/Air       21%        N/A       1%          2
 Hailstorm                Conj/Ice       35%        3d9       3%          4
 Freezing Cloud           Conj/Ice/Air   17%        6-21      9%          5
 Metabolic Englaciation   Hex/Ice        17%        N/A       9%          5
 Lightning Bolt           Conj/Air       10%        1d23      26%         5
 Maxwell's Capacitive Co  Air            16%        ∞         100%        8
 Polar Vortex             Ice            29%        N/A       100%        9
 Simulacrum               Ice/Necr       Unusable   N/A       N/A         6

Inventory:

Hand Weapons
 x - a +3 dagger of electrocution {short}
   (You took it off Dowan on level 4 of the Dungeon)
 N - a +4 scimitar of flaming (weapon) {long}
   (You took it off Erica on level 8 of the Dungeon)
Jewellery
 c - a +4 ring of slaying (left tentacle)
   (You found it on level 1 of the Dungeon)
 p - a ring of ice
   (You took it off a hobgoblin on level 2 of the Dungeon)
 t - the amulet "Ises" (around mantle) {Reflect rC+ SH+5}
   (You acquired it on level 2 of the Dungeon)

   [amulet of reflection]

   It reflects blocked missile attacks.
   rC:        It protects you from cold.
   SH:        It affects your SH (+5).
 w - a ring of magical power (right tentacle)
   (You found it on level 3 of the Dungeon)
 y - a ring of fire
   (You took it off a goblin on level 3 of the Dungeon)
 H - the ring "Okaph" (on tentacle) {Will+ EV+4 Int-2 Dex+4}
   (You found it on level 6 of the Dungeon)

   [ring of evasion]

   EV:        It affects your evasion (+4).
   Int:       It affects your intelligence (-2).
   Dex:       It affects your dexterity (+4).
   Will:      It increases your willpower.
 K - a ring of protection from fire (on tentacle)
   (You found it on level 7 of the Dungeon)
 L - a ring of magical power (on tentacle)
   (You found it on level 7 of the Dungeon)
 M - a +6 ring of intelligence (on tentacle)
   (You found it on level 7 of the Dungeon)
 P - a ring of poison resistance (on tentacle)
   (You bought it in a shop on level 8 of the Dungeon)
 Q - a ring of wizardry (on tentacle)
   (You bought it in a shop on level 8 of the Dungeon)
Wands
 A - a wand of polymorph (9)
   (You found it on level 4 of the Dungeon)
 D - a wand of mindburst (11)
   (You found it on level 5 of the Dungeon)
 I - a wand of digging (6)
   (You found it on level 7 of the Dungeon)
 J - a wand of flame (11)
   (You found it on level 7 of the Dungeon)
Scrolls
 e - 4 scrolls of enchant weapon
 f - 2 scrolls of enchant armour
 g - 4 scrolls of teleportation {@r4}
 i - 2 scrolls of poison {!r}
 j - 3 scrolls of amnesia
 k - a scroll of brand weapon
 m - 2 scrolls of blinking {!r}
 o - a scroll of fear
 q - 5 scrolls of magic mapping {!r}
 r - a scroll of immolation {!r!r}
 s - a scroll of torment {!r}
 E - a scroll of fog
 G - 3 scrolls of vulnerability {!r!r}
Potions
 a - 2 potions of magic
 b - a potion of attraction {!q}
 d - 5 potions of curing {@q1}
 l - a potion of invisibility {unknown}
 n - a potion of lignification {!q}
 u - a potion of berserk rage {!q}
 v - a potion of ambrosia
 z - 2 potions of brilliance
 B - 2 potions of mutation {!q}
 C - 3 potions of haste {@q3}
 F - 2 potions of might {unknown}

Dungeon Overview and Level Annotations

Branches:
Dungeon (10/15)            Temple (0/1) D:4            Lair (0/6) D:9
  Sewer (visited)
    Orc: D:9-12

Altars:
Dithmenos
Fedhas
Gozag
Kikubaaqudgha
Makhleb
Nemelex Xobeh
Qazlal
Sif Muna
Uskayaw
Wu Jian
Xom
The Shining One

Shops:
D:3 [[!(?   D:5 !   D:7 (   D:8 =

Annotations:
D:5 2 transporters, timneilson's ghost, novice GrFi
D:6 1 runed translucent door, xian's ghost, novice DrCj

...#...##..##
...#........#
...........###
...............
#......... ...
#...$..# ..##
#...$.# ....#
#@O.##....
####°☼#..##..
#.$.°.$?....#
#.....°.##..
#...°...#
###....#...#
####.#..## ##
..< .##


You could see a two-headed ogre.


Message History

You start resting.
HP[+26]
Your hp is fully restored (75).
You start waiting.
Done waiting.
You climb downwards.
The troll closely misses you. The troll claws you. The troll claws you!
The orc barely misses you.
There is a stone staircase leading up, spattered with blood here.
HP[-11]
You take 11 damage, and now have 64/75 hp.
Casting: Ignite Poison (safe; 1% risk of failure)
Confirm with . or Enter, or press ? or * to list all spells.
Aiming: Mephitic Cloud (safe; 1% risk of failure)
Press: ? - help, Shift-Dir - straight line The ball explodes into a vile cloud!
The stinking cloud engulfs the orc but does no damage.
The stinking cloud engulfs the troll but does no damage.
The troll is engulfed in noxious fumes.
The troll appears confused.
The orc is engulfed in noxious fumes.
The orc appears confused.
The orc hits you with a +0 mace.
HP[-1] MP[-3]
You take 1 damage, and now have 63/75 hp.
You lost 3 mp, and now have 36/39 mp.
Casting: Mephitic Cloud (safe; 1% risk of failure)
Confirm with . or Enter, or press ? or * to list all spells.
You ignite the poison in your surroundings!
The troll is engulfed in blazing flames.
The orc is engulfed in blazing flames.
You kill the orc!
HP[+1] MP[-3]
You lost 3 mp, and now have 33/39 mp.
The troll gestures wildly.
MP[+1]
Casting: Ignite Poison (safe; 1% risk of failure)
Confirm with . or Enter, or press ? or * to list all spells.
Aiming: Mephitic Cloud (safe; 1% risk of failure)
Press: ? - help, Shift-Dir - straight line, f - troll
Aim: a troll (moderately wounded, confused, chance to affect: 67%)
The ball explodes into a vile cloud!
The stinking cloud engulfs the troll but does no damage.
The troll is engulfed in noxious fumes.
MP[-3]
You lost 3 mp, and now have 31/39 mp.
Casting: Mephitic Cloud (safe; 1% risk of failure)
Confirm with . or Enter, or press ? or * to list all spells.
You ignite the poison in your surroundings!
The troll is engulfed in blazing flames.
MP[-3]
You lost 3 mp, and now have 28/39 mp.
Casting: Ignite Poison (safe; 1% risk of failure)
Confirm with . or Enter, or press ? or * to list all spells.
Aiming: Mephitic Cloud (safe; 1% risk of failure)
Press: ? - help, Shift-Dir - straight line, p - troll The ball explodes into a vile cloud!
The stinking cloud engulfs the troll but does no damage.
The troll is engulfed in noxious fumes.
The troll appears confused.
HP[+1] MP[-2]
You lost 2 mp, and now have 26/39 mp.
Casting: Mephitic Cloud (safe; 1% risk of failure)
Confirm with . or Enter, or press ? or * to list all spells.
You ignite the poison in your surroundings!
The troll is engulfed in blazing flames.
The troll completely misses you. The troll closely misses you.
The troll misses you.
A two-headed ogre comes into view.
It is wielding a +0 giant spiked club and a +0 giant club.
MP[-3]
You lost 3 mp, and now have 23/39 mp.
You slash the troll! You burn the troll.
You kill the troll!
Something hits you.
Deactivating autopickup; reactivate with Ctrl-A.
HP[-3]
You take 3 damage, and now have 62/75 hp.
You can't go down here!
Unknown command.
Casting: Ignite Poison (safe; 1% risk of failure)
Confirm with . or Enter, or press ? or * to list all spells.
Aiming: Mephitic Cloud (safe; 1% risk of failure)
Press: ? - help, Shift-Dir - straight line The ball explodes into a vile cloud!
The stinking cloud engulfs the two-headed ogre but does no damage.
The two-headed ogre is engulfed in noxious fumes.
The two-headed ogre hits you with a +0 giant spiked club!!
The two-headed ogre completely misses you.
HP[-22] MP[-3]
You take 22 damage, and now have 40/75 hp.
MASSIVE DAMAGE!! (PAUSE)
You lost 3 mp, and now have 20/39 mp.
Casting: Mephitic Cloud (safe; 1% risk of failure)
Confirm with . or Enter, or press ? or * to list all spells.
You ignite the poison in your surroundings!
HP[+1] MP[-2]
You lost 2 mp, and now have 18/39 mp.
Something barely misses you.
The two-headed ogre is engulfed in blazing flames.
The two-headed ogre hits you with a +0 giant spiked club!!
* * * LOW HITPOINT WARNING * * *
The two-headed ogre hits you with a +0 giant club!
You die...
Your body crumbles into a pile of gold.

Skill      XL: |  1  2  3  4  5  6  7  8  9 10 11 |
---------------+----------------------------------+-----
Ice Magic      | 5 6 7 8 10 | 10.7
Spellcasting   | 3 4 5 6 7 |  7.0
Poison Magic   | 3 5 7 |  7.0
Transmutations | 3 5 |  5.0
Air Magic      | 2 5 |  5.0
Fighting       | 2 6 7 |  7.4
Dodging        | |  2.0
Stealth        | |  2.6

Action                   |  1- 3 |  4- 6 |  7- 9 | 10-12 || total
-------------------------+-------+-------+-------+-------++-------
Melee: Constrict         |     8 |     9 |    10 |     1 ||    28
       Tentacles         |     5 |     5 |    16 |     5 ||    31
       Club              |     2 |       |       |       ||     2
       Unarmed           |     1 |       |       |       ||     1
       Short sword       |    28 |    32 |     2 |       ||    62
       Punch             |       |     1 |       |       ||     1
       Dagger            |       |       |    50 |     3 ||    53
       Scimitar          |       |       |       |    22 ||    22
 Cast: Freeze            |    19 |     8 |    45 |     2 ||    74
       Frozen Ramparts   |     2 |    23 |    30 |    11 ||    66
       Ozocubu's Armour  |     2 |    11 |    30 |    14 ||    57
       Mephitic Cloud    |       |       |    29 |    38 ||    67
       Ignite Poison     |       |       |    19 |    29 ||    48
Invok: Call Merchant     |       |       |       |     1 ||     1
  Use: Scroll            |     1 |    10 |     9 |     4 ||    24
       Potion            |       |       |     3 |     1 ||     4
 Stab: Sleeping          |     5 |     3 |     2 |     1 ||    11
Armor: Skin              |     6 |     9 |    27 |     4 ||    46
Dodge: Dodged            |    28 |    23 |    62 |    44 ||   157
Block: Other             |     3 |     9 |    17 |    13 ||    42
       Reflection        |       |     1 |     1 |     2 ||     4

Levels and vault maps discovered:
D:1:      amcnicky_arrival_gap_in_the_tavern_cellar, layout_rooms,
          minmay_heptomino_d4
D:2:      layout_loops_cross, basic_altar, shapermc_ecumenical_altar_acropolis
D:3:      minmay_octagon_keep, layout_rooms, minitemple, serial_shops, shop,
          nicolae_shop_stone, nicolae_shop_stone,
          nicolae_shop_overgrown_old_shop,
          nicolae_shop_competitors_out_of_business, portal_sewer_entry_d,
          chequers_big_river
D:4:      layout_layer_cave, minmay_temple_entry_waves, uniq_duvessa
D:5:      wad_pebble_path, layout_basic, grunt_temple_overflow_open,
          serial_shops, shop_statue, gammafunk_ghost_smash, uniq_prince_ribbit1
D:6:      layout_loops_ring, minmay_overflow_temple_star_quad,
          gammafunk_ghost_grave
D:7:      layout_basic, serial_shops, nicolae_shop_bloodbath_and_beyond,
          minivault_10
D:8:      layout_basic, small_statue_alley_b, grunt_decor_mini_mirrors,
          uniq_erica, uniq_psyche, uniq_joseph
D:9:      layout_basic, lair_entry_dummy, serial_rivers,
          chequers_serial_rivers_micro_a, chequers_serial_rivers_small_3,
          chequers_serial_rivers_small_a, chequers_serial_rivers_micro_d
D:10:     layout_cave_pools, enter_trove_5, uniq_erolcha

Notes
Turn   | Place    | Note
-------+----------+-------------------------------------------
     0 | D:1      | zeratav the Octopode Ice Elementalist began the quest for
                  | the Orb.
     0 | D:1      | Reached XP level 1. HP: 11/11 MP: 3/3
     0 | D:1      | Upgraded the game from 0.29-a0-459-g97dee8cd24 to
                  | 0.29-a0-468-ge57f7f99b4
     0 | D:1      | Upgraded the game from 0.29-a0-468-ge57f7f99b4 to
                  | 0.29-a0-472-ge5599a681e
     0 | D:1      | magus.rc [v1.9.6]
     2 | D:1      | You pick up a book of Winter and begin reading...
     2 | D:1      | You add the spells Metabolic Englaciation and Simulacrum to
                  | your library.
   497 | D:1      | Reached XP level 2. HP: 17/17 MP: 3/5
  1022 | D:2      | Reached XP level 3. HP: 20/21 MP: 6/6
  1051 | D:2      | Found a faded altar of an unknown god.
  1861 | D:2      | Found an opulent altar of Gozag.
  2001 | D:2      | Became a worshipper of Gozag Ym Sagoz the Greedy
  2004 | D:2      | Identified a scroll of acquirement
  2004 | D:2      | Acquired the amulet "Ises" {Reflect rC+ SH+5}
  2029 | D:2      | Learned a level 3 spell: Ozocubu's Armour
  2033 | D:2      | Learned a level 3 spell: Frozen Ramparts
  2063 | D:3      | Found Uqin Bai's Distillery.
  2080 | D:3      | Found a glowing drain.
  2087 | D:3      | Reached skill level 5 in Ice Magic
  2108 | Sewer    | Entered a sewer
  2190 | Sewer    | Noticed Pargi
  2211 | Sewer    | Killed Pargi
  2212 | Sewer    | Reached skill level 3 in Spellcasting
  2212 | Sewer    | Reached XP level 4. HP: 25/27 MP: 1/8
  2212 | Sewer    | Reached XP level 5. HP: 29/31 MP: 1/9
  2341 | D:3      | Bought a potion of curing for 39 gold pieces
  2347 | D:3      | Found Nabit's Antique Armour Emporium.
  2375 | D:3      | Found Lovesm's Antique Armour Boutique.
  2426 | D:3      | Found Virphilu's Antique Weapon Emporium.
  2564 | D:3      | Found Topem's Magic Scroll Shoppe.
  2574 | D:3      | Bought a scroll of identify for 26 gold pieces
  2574 | D:3      | Bought a scroll of identify for 26 gold pieces
  2574 | D:3      | Bought a scroll of identify for 26 gold pieces
  2574 | D:3      | Bought a scroll of identify for 26 gold pieces
  2574 | D:3      | Bought a scroll of identify for 26 gold pieces
  2983 | D:3      | Found an ancient bone altar of Kikubaaqudgha.
  2985 | D:3      | Found a stormy altar of Qazlal.
  2990 | D:3      | Found a shimmering blue altar of Sif Muna.
  2991 | D:3      | Found a shadowy altar of Dithmenos.
  2993 | D:3      | Found a blossoming altar of Fedhas.
  2995 | D:3      | Found an ornate altar of the Wu Jian Council.
  3218 | D:3      | Reached skill level 6 in Ice Magic
  3613 | D:4      | Reached XP level 6. HP: 36/36 MP: 11/11
  4070 | D:4      | Reached skill level 4 in Spellcasting
  4150 | D:4      | Reached skill level 7 in Ice Magic
  4307 | D:4      | Found a staircase to the Ecumenical Temple.
  4317 | D:4      | Noticed Duvessa
  4318 | D:4      | Noticed Dowan
  4326 | D:4      | Killed Duvessa
  4327 | D:4      | Reached XP level 7. HP: 29/41 MP: 8/13
  4341 | D:4      | HP: 6/41 [Dowan/stone arrow (16)]
  4343 | D:4      | Killed Dowan
  4744 | D:4      | You add the spells Ignite Poison, Mephitic Cloud and
                  | Freezing Cloud to your library.
  5407 | D:5      | Entered Level 5 of the Dungeon
  5407 | D:5      | Noticed a troll
  5407 | D:5      | Found a sparkling altar of Nemelex Xobeh.
  5478 | D:5      | Reached skill level 1 in Poison Magic
  5557 | D:5      | Noticed Prince Ribbit
  5568 | D:5      | Killed Prince Ribbit
  5569 | D:5      | Reached skill level 5 in Spellcasting
  5569 | D:5      | Reached skill level 3 in Poison Magic
  5569 | D:5      | Reached XP level 8. HP: 35/46 MP: 14/15
  5718 | D:5      | Reached skill level 1 in Transmutations
  5720 | D:5      | Reached skill level 4 in Poison Magic
  5810 | D:5      | You pick up a book of Lightning and begin reading...
  5810 | D:5      | You add the spells Static Discharge, Lightning Bolt and
                  | Maxwell's Capacitive Coupling to your library.
  5950 | D:5      | Found a transporter.
  5951 | D:5      | Noticed timneilson's ghost (novice GrFi)
  5952 | D:5      | Found a transporter.
  6039 | D:5      | Found Ygoef's Distillery.
  6047 | D:5      | Bought a potion of degeneration for 13 gold pieces
  6251 | D:5      | Reached skill level 2 in Transmutations
  6556 | D:5      | Found a glowing golden altar of the Shining One.
  6914 | D:6      | Reached skill level 1 in Air Magic
  6915 | D:6      | Reached skill level 6 in Spellcasting
  6915 | D:6      | Reached skill level 5 in Poison Magic
  6995 | D:6      | Learned a level 3 spell: Mephitic Cloud
  6999 | D:6      | Learned a level 3 spell: Ignite Poison
  7146 | D:6      | Reached skill level 3 in Transmutations
  7250 | D:6      | Reached skill level 2 in Air Magic
  7321 | D:6      | Reached XP level 9. HP: 36/51 MP: 18/18
  7420 | D:6      | Found a runed translucent door.
  7420 | D:6      | Noticed xian's ghost (novice DrCj)
  7426 | D:6      | Identified the ring "Okaph" {Will+ EV+4 Int-2 Dex+4}
  7720 | D:6      | Reached skill level 6 in Poison Magic
  8087 | D:6      | Found a hide-covered altar of Uskayaw.
  8091 | D:6      | Found a burning altar of Makhleb.
  8095 | D:6      | Found a shimmering altar of Xom.
  8177 | D:6      | You pick up a book of Ice and begin reading...
  8190 | D:6      | Reached skill level 4 in Transmutations
  8190 | D:6      | Reached skill level 3 in Air Magic
  9244 | D:7      | HP: 3/51 [orc warrior/+0 short sword (13)]
  9559 | D:7      | Reached skill level 4 in Air Magic
  9563 | D:7      | HP: 12/49 [poisoned by a wight]
  9568 | D:7      | Reached skill level 7 in Poison Magic
  9929 | D:7      | Found Ohegger's Weapon Boutique.
 10108 | D:7      | Reached skill level 5 in Transmutations
 10183 | D:7      | Reached skill level 5 in Air Magic
 10529 | D:7      | Reached skill level 1 in Fighting
 11399 | D:8      | Reached skill level 2 in Fighting
 11702 | D:8      | Noticed a red ugly thing
 11711 | D:8      | Killed a red ugly thing
 11712 | D:8      | Reached skill level 8 in Ice Magic
 11712 | D:8      | Reached XP level 10. HP: 47/62 MP: 19/19
 11863 | D:8      | Noticed Erica
 11863 | D:8      | Noticed Joseph
 11872 | D:8      | Killed Joseph
 11873 | D:8      | Reached skill level 3 in Fighting
 11878 | D:8      | Killed Erica
 11879 | D:8      | Reached skill level 7 in Spellcasting
 12042 | D:8      | Noticed Psyche
 12046 | D:8      | Killed Psyche
 12047 | D:8      | Reached skill level 4 in Fighting
 12214 | D:8      | Reached skill level 9 in Ice Magic
 12675 | D:9      | Reached skill level 5 in Fighting
 12829 | D:8      | Bought a ring of poison resistance for 340 gold pieces
 12829 | D:8      | Bought a ring of wizardry for 510 gold pieces
 13092 | D:9      | Found a staircase to the Lair.
 13127 | D:9      | Reached skill level 6 in Fighting
 13244 | D:9      | Noticed a two-headed ogre
 13256 | D:9      | Killed a two-headed ogre
 13257 | D:9      | Reached skill level 10 in Ice Magic
 13257 | D:9      | Reached XP level 11. HP: 74/74 MP: 21/21
 13914 | D:9      | Noticed a two-headed ogre
 13934 | D:9      | Killed a two-headed ogre
 13935 | D:9      | Reached skill level 7 in Fighting
 14187 | D:10     | Entered Level 10 of the Dungeon
 14202 | D:10     | HP: 15/75 [orc/+0 mace (5)]
 14516 | D:10     | Noticed a two-headed ogre
 14520 | D:10     | HP: 7/75 [two-headed ogre/+0 giant spiked club (34)]
 14520 | D:10     | Slain by a two-headed ogre

Vanquished Creatures
  Erica (D:8)
  2 two-headed ogres (D:9)
  An ugly thing (D:8)
  Joseph (D:8)
  Psyche (D:8)
  A troll (D:10)
  Prince Ribbit (D:5)
  A wyvern (D:9)
  4 yaks (D:9)
  3 steam dragons
  2 acid dragons
  3 water moccasins
  Duvessa (D:4)
  2 orc warriors
  2 sky beasts
  2 black bears (D:6)
  Pargi (Sewer)
  An ice beast (D:8)
  2 ogres (D:6)
  3 centaurs
  2 kobold brigands (D:9)
  2 bullfrogs (D:9)
  A necrophage (D:4)
  5 scorpions
  A gnoll sergeant (D:8)
  7 wights
  Dowan (D:4)
  5 killer bees (D:9)
  3 howler monkeys (D:7)
  2 jellies (D:5)
  A gnoll shaman (D:8)
  2 orc priests (D:7)
  2 hounds (D:5)
  6 iguanas
  3 orc wizards
  10 gnolls (D:8)
  13 adders
  A shadow imp (D:6)
  5 worms
  5 dart slugs
  26 orcs
  7 endoplasms
  3 giant cockroaches
  5 goblins
  5 hobgoblins
  6 jackals (D:3)
  6 quokkas
  4 ball pythons
  12 bats
  5 frilled lizards
  16 kobolds
  5 rats
212 creatures vanquished.

Vanquished Creatures (others)
  10 plants (D:3)
  2 withered plants (D:6)
12 creatures vanquished.

Grand Total: 224 creatures vanquished

Table legend:
 A = Non-vault XP
 B = Vault XP
 C = Vault XP percentage of total XP
 D = Non-vault monster count
 E = Vault monster count
 F = Vault count percentage of total count
                 A         B        C        D         E       F
            +---------+---------+-------+---------+---------+-------
      Total |    9358 |    2343 |  20.0 |     181 |      31 |  14.6
            +---------+---------+-------+---------+---------+-------
        D:1 |      22 |       6 |  21.4 |      14 |       3 |  17.6
        D:2 |      32 |       0 |   0.0 |      12 |       0 |   0.0
        D:3 |      52 |      65 |  55.6 |      17 |      16 |  48.5
        D:4 |     317 |     223 |  41.3 |      16 |       2 |  11.1
        D:5 |     681 |     268 |  28.2 |      19 |       1 |   5.0
        D:6 |    1157 |       0 |   0.0 |      19 |       0 |   0.0
        D:7 |    1185 |       0 |   0.0 |      29 |       0 |   0.0
        D:8 |    1267 |    1646 |  56.5 |      19 |       3 |  13.6
        D:9 |    4013 |       0 |   0.0 |      30 |       0 |   0.0
       D:10 |     632 |       0 |   0.0 |       6 |       0 |   0.0
      Sewer |       0 |     135 | 100.0 |       0 |       6 | 100.0
            +---------+---------+-------+---------+---------+-------

Illustrated notes

Table legend:
 A = Kills in this place as a percentage of kills in entire the game.
 B = Kills by you in this place as a percentage of kills by you in the entire game.
 C = Kills by friends in this place as a percentage of kills by friends in the entire game.
 D = Other kills in this place as a percentage of other kills in the entire game.
 E = Experience gained in this place as a percentage of experience gained in the entire game.
 F = Experience gained in this place divided by the number of levels of this place that you have seen.
                   A       B       C       D       E      F
               +-------+-------+-------+-------+-------+----------------------
         Total | 100.0 | 100.0 |   N/A | 100.0 | 100.0 | 1063.7
       Dungeon |  97.2 |  97.1 |   N/A | 100.0 |  98.8 | 1156.6
         Sewer |   2.8 |   2.9 |   N/A |   0.0 |   1.2 | 135.0
               +-------+-------+-------+-------+-------+----------------------

Table legend: (Time is in decaauts)
 A = Elapsed time spent in this place.
 B = Non-inter-level travel time spent in this place.
 C = Inter-level travel time spent in this place.
 D = Time resting spent in this place.
 E = Time spent auto-exploring this place.
 F = Levels seen in this place.
 G = Mean time per level.
                   A        B        C        D        E       F      G
               +--------+--------+--------+--------+--------+-----+--------+
         Total |  14524 |  14012 |    512 |   5958 |   3554 |  11 | 1320.4 |
       Dungeon |  14318 |  13806 |    512 |   5909 |   3476 |  10 | 1431.8 |
         Sewer |    206 |    206 |      0 |     49 |     78 |   1 |  206.0 |
               +--------+--------+--------+--------+--------+-----+--------+

Top non-repeatable levels by time:
     D:6: 2264 daAuts
     D:7: 2260 daAuts
     D:4: 1924 daAuts
     D:9: 1809 daAuts
     D:8: 1363 daAuts
     D:5: 1311 daAuts
     D:3: 1270 daAuts
     D:2: 1075 daAuts
     D:1: 987 daAuts
   Sewer: 206 daAuts
    D:10: 52 daAuts
